 Dungeon Crawl Stone Soup version 0.28.0-53-g5a82cb258f (webtiles) character file.

Game seed: 11825488789472407099

4153 Zeld the Geomancer (level 10, -1/59 HPs)
             Began as a Gargoyle Earth Elementalist on May 22, 2022.
             Was a Follower of Vehumet.
             Slain by a yak (6 damage)
             ... on level 7 of the Dungeon.
             The game lasted 00:10:56 (11163 turns).

Zeld the Geomancer (Gargoyle Earth Elementalist)   Turns: 11163, Time: 00:10:56

Health: -1/59      AC: 12    Str: 12    XL:     10   Next: 28%
Magic:  16/20      EV: 11    Int: 26    God:    Vehumet [*.....]
Gold:   298        SH:  0    Dex: 10    Spells: 13/23 levels left

rFire   . . .      SeeInvis .   a - +1 whip (elec)
rCold   + . .      Faith    .   (no shield)
rNeg    + + .      Spirit   .   C - +1 robe of Satisfaction {rC+ rN+ Int+6 Archmagi}
rPois   ∞          Reflect  .   (no helmet)
rElec   +          Harm     .   (no cloak)
rCorr   .          Rampage  .   k - +0 pair of gloves
Will    .....      Archmagi +   y - +0 pair of boots
Stlth   +++.......              (no amulet)
HPRegen 0.19/turn               (no ring)
MPRegen 0.17/turn               (no ring)

@: no status effects
A: sickness immunity, AC +7, negative energy resistance 1, electricity
resistance, torment resistance 1, petrification resistance
a: Renounce Religion


You were on level 7 of the Dungeon.
You worshipped Vehumet.
Vehumet was aware of your devotion.
You visited 2 branches of the dungeon, and saw 9 of its levels.

You collected 298 gold pieces.

Inventory:

Hand Weapons
 a - a +1 whip of electrocution (weapon)
Missiles
 c - 69 stones
Armour
 k - a +0 pair of gloves (worn)
 y - a +0 pair of boots (worn)
 C - the +1 robe of Satisfaction (worn) {rC+ rN+ Int+6 Archmagi}
   (You found it on level 7 of the Dungeon)

   Int:       It affects your intelligence (+6).
   rC:        It protects you from cold.
   rN:        It protects you from negative energy.
   Archmagi:  It increases the power of your magical spells.
Jewellery
 v - a ring of protection from fire
Wands
 u - a wand of flame (30)
Scrolls
 d - a scroll of vulnerability {unknown}
 f - a scroll of summoning {unknown}
 h - 8 scrolls of identify {unknown}
 i - a scroll of noise {unknown}
 l - a scroll of enchant weapon {unknown}
 m - a scroll of immolation {unknown}
 n - 6 scrolls of teleportation {unknown}
 o - 2 scrolls of amnesia {unknown}
 q - a scroll of holy word {unknown}
 r - 3 scrolls of blinking {unknown}
 w - a scroll of enchant armour {unknown}
 x - a scroll of brand weapon {unknown}
 A - 2 scrolls of fog {unknown}
Potions
 e - a potion of invisibility {unknown}
 g - 4 potions of mutation {unknown}
 j - 4 potions of curing {unknown}
 p - 2 potions of attraction {unknown}
 s - 2 potions of flight {unknown}
 t - a potion of brilliance {unknown}
 z - a potion of haste {unknown}
 B - a potion of cancellation {unknown}
 D - 2 potions of lignification {unknown}
 E - a potion of magic {unknown}
 F - a potion of resistance {unknown}


   Skills:
 + Level 5.5 Fighting
 - Level 1.5 Dodging
 + Level 6.5 Stealth
 * Level 7.1 Spellcasting
 + Level 5.2 Conjurations
 - Level 4.0 Transmutations
 * Level 9.7 Earth Magic


You had 13 spell levels left.
You knew the following spells:

 Your Spells              Type           Power      Damage    Failure   Level
a - Sandblast             Erth           100%       2d20      1%          1
b - Passwall              Tmut/Erth      50%        N/A       1%          2
c - Stone Arrow           Conj/Erth      100%       3d13      1%          3
d - Petrify               Tmut/Erth      61%        N/A       3%          4

Your spell library contained the following spells:

 Spells                   Type           Power      Damage    Failure   Level
 Magic Dart               Conj           100%       1d8       1%          1
 Slow                     Hex            52%        N/A       6%          1
 Spider Form              Tmut/Pois      29%        N/A       9%          3
 Animate Armour           Summ/Erth      100%       N/A       9%          4
 Ensorcelled Hibernation  Hex/Ice        26%        N/A       10%         2
 Confusing Touch          Hex            13%        N/A       19%         3
 Vampiric Draining        Necr           13%        2d6       19%         3
 Iskenderun's Battlesphe  Conj           53%        2d10      21%         5
 Iron Shot                Conj/Erth      32%        9d7       41%         6
 Anguish                  Hex/Necr       6%         N/A       52%         4
 Summon Lightning Spire   Summ/Air       13%        N/A       52%         4
 Spellforged Servitor     Conj/Summ      17%        N/A       100%        7
 Storm Form               Tmut/Air       14%        N/A       100%        7
 Lehudib's Crystal Spear  Conj/Erth      32%        10d8      100%        8
 Maxwell's Capacitive Co  Air            6%         ∞         100%        8


Dungeon Overview and Level Annotations

Branches:
Dungeon (8/15)             Temple (1/1) D:5
   Lair: D:8-11

Altars:
Ashenzari
Dithmenos
Elyvilon
Fedhas
Gozag
Hepliaklqana
Kikubaaqudgha
Makhleb
Nemelex Xobeh
Okawaru
Qazlal
Ru
Sif Muna
Trog
Uskayaw
Vehumet
Wu Jian
Xom
Yredelemnul
Zin
The Shining One

Shops:
D:5 :   D:6 [


Innate Abilities, Weirdness & Mutations

You are immune to sickness and miasma.
Your stone body is resilient. (AC +7)
You are immune to poison.
You resist negative energy. (rN+)
You are resistant to electric shocks. (rElec)
You are resistant to unholy torment.
You are immune to petrification.


Message History

The yak gores you! The yak gores you. The yak gores you but does no damage.
The yak gores you! The yak gores you but does no damage. The yak gores you.
Found five items.
There is a stone staircase leading up here.
There are monsters nearby!
The yak bellows! x2
The wyvern zombie bites you. The yak gores you but does no damage.
The yak closely misses you. x2; The yak gores you but does no damage. x2
You climb upwards.
There is a stone staircase leading down here.
Casting: Stone Arrow (safe; 1% risk of failure)
Confirm with . or Enter, or press ? or * to list all spells.
Aiming: Stone Arrow (safe; 1% risk of failure)
Press: ? - help, Shift-Dir - straight line, f - yak
Aim: a yak (87% to hit)
You feel a surge of power!
The stone arrow hits the yak!!
The yak is heavily wounded.
The yak closely misses you. The yak misses you. The yak gores you!
The yak gores you. The yak gores you!
* * * LOW HITPOINT WARNING * * *
Casting: Stone Arrow (safe; 1% risk of failure)
Confirm with . or Enter, or press ? or * to list all spells.
Aiming: Stone Arrow (safe; 1% risk of failure)
Press: ? - help, Shift-Dir - straight line, f/p - yak
Aim: a yak (heavily wounded, 87% to hit)
You feel a surge of power!
The stone arrow hits the yak!
You kill the yak!
Vehumet accepts your kill. The yak gores you but does no damage.
The yak gores you!
* * * LOW HITPOINT WARNING * * *
The yak barely misses you. The yak gores you.
* * * LOW HITPOINT WARNING * * *
Unknown command.
The yak gores you but does no damage.
You see here a yak corpse.
Things that are here:
a +2 robe; the kobold corpse of Pikel
There is a stone staircase leading up here.
The yak gores you.
You die...

##...#...........##.......#.....
#................##...##.....[..
##........##.........###..#.....
##.......<.......####....#..[..
##...........[..####....###.##
####>..........)......##.......
##.........................#....
#.........................##.#..
##............Y@.............#..
###([......Y..YY...........##....
.##.[##...................###.##.
.#[.....................#.# ####.
........=[<.............#^# ###..
.##>..................).#8###...#
..#.##†#........:.....<.#^#....##
......>#........(....#..#.###...#
.#..................##..#.##.....


You could see 4 yaks.

Vanquished Creatures
  Pikel (D:7)
  A deep elf pyromancer (D:7)
  Grinder (D:4)
  A yak (D:7)
  2 steam dragons (D:7)
  An acid dragon (D:6)
  4 water moccasins
  2 sky beasts
  3 ogres (D:6)
  A necrophage (D:4)
  3 lemures
  2 phantoms
  3 centaurs
  A kobold brigand (D:5)
  8 bullfrogs
  A wyvern zombie (D:6)
  3 scorpions
  A centaur zombie (D:7)
  3 hounds
  A jelly (D:4)
  A bullfrog skeleton (D:6)
  An orc wizard (D:7)
  A killer bee zombie (D:7)
  A hound zombie (D:5)
  A hound skeleton (D:5)
  9 adders
  4 gnolls (D:2)
  A white imp (D:6)
  2 ufetubi (D:4)
  2 worms (D:2)
  2 dart slugs
  10 orcs
  5 bats
  7 endoplasms
  6 giant cockroaches
  6 goblins
  4 hobgoblins
  6 jackals (D:1)
  14 kobolds
  2 quokkas
  8 ball pythons
  8 frilled lizards
  8 rats
152 creatures vanquished.

Vanquished Creatures (others)
  A bullfrog (D:7)
  4 fungi (D:2)
  27 plants
32 creatures vanquished.

Grand Total: 184 creatures vanquished

Notes
Turn   | Place    | Note
-------+----------+-------------------------------------------
     0 | D:1      | Zeld the Gargoyle Earth Elementalist began the quest for
                  | the Orb.
     0 | D:1      | Reached XP level 1. HP: 10/10 MP: 3/3
   116 | D:1      | Reached XP level 2. HP: 16/16 MP: 3/5
   357 | D:1      | Reached skill level 1 in Transmutations
   414 | D:1      | Learned a level 2 spell: Passwall
   427 | D:1      | Reached skill level 4 in Earth Magic
   480 | D:1      | Reached XP level 3. HP: 19/20 MP: 3/6
   502 | D:1      | Learned a level 3 spell: Stone Arrow
   951 | D:2      | Reached skill level 1 in Fighting
  1039 | D:2      | HP: 1/20 [gnoll/+0 halberd (8)]
  1041 | D:2      | Reached XP level 4. HP: 2/25 MP: 2/8
  2250 | D:2      | Reached XP level 5. HP: 27/29 MP: 2/9
  2347 | D:2      | Found a faded altar of an unknown god.
  2365 | D:2      | Learned a level 4 spell: Petrify
  3168 | D:4      | Noticed Grinder
  3211 | D:4      | Paralysed by Grinder for 3 turns
  3226 | D:4      | Paralysed by Grinder for 5 turns
  3232 | D:4      | Killed Grinder
  3233 | D:4      | Reached skill level 1 in Conjurations
  3233 | D:4      | Reached skill level 5 in Earth Magic
  3233 | D:4      | Reached XP level 6. HP: 21/36 MP: 0/11
  3525 | D:4      | Noticed a necrophage
  3528 | D:4      | Killed a necrophage
  3529 | D:4      | Reached XP level 7. HP: 40/40 MP: 5/12
  3764 | D:4      | Reached skill level 6 in Earth Magic
  4133 | D:5      | Entered Level 5 of the Dungeon
  4500 | D:5      | Reached XP level 8. HP: 37/46 MP: 1/14
  4659 | D:5      | Found a staircase to the Ecumenical Temple.
  4674 | Temple   | Entered the Ecumenical Temple
  4831 | Temple   | Became a worshipper of Vehumet
  5011 | D:5      | Found Xagon's Book Boutique.
  5882 | D:6      | Reached skill level 7 in Earth Magic
  6039 | D:6      | Reached skill level 5 in Spellcasting
  6168 | D:5      | HP: 2/48 [kobold brigand/+0 short sword (9)]
  6857 | D:6      | Reached skill level 5 in Stealth
  7163 | D:6      | Reached XP level 9. HP: 41/52 MP: 4/17
  7395 | D:6      | Found Byg Zir's Armour Boutique.
  7832 | D:5      | Reached skill level 8 in Earth Magic
  9602 | D:7      | Identified the +1 robe of Satisfaction {rC+ rN+ Int+6
                  | Archmagi}
 10258 | D:7      | Noticed a deep elf pyromancer
 10383 | D:7      | Reached * piety under Vehumet
 10383 | D:7      | Offered knowledge of Magic Dart by Vehumet.
 10384 | D:7      | Reached skill level 5 in Fighting
 10384 | D:7      | Reached skill level 9 in Earth Magic
 10389 | D:7      | Killed a deep elf pyromancer
 10390 | D:7      | Reached XP level 10. HP: 56/59 MP: 4/20
 10732 | D:8      | Noticed Pikel
 10736 | D:8      | Reached skill level 5 in Conjurations
 10997 | D:7      | Killed Pikel
 11163 | D:7      | Slain by a yak

Illustrated notes

Levels and vault maps discovered:
D:1:      ncdulo_lavacross, layout_loops_ring
D:2:      layout_basic, shapermc_ecumenical_altar_mp_urbaneastern
D:3:      layout_rooms
D:4:      minmay_wonky_spiral, layout_cave_pools, abandoned_shop, uniq_grinder
D:5:      layout_loops_cross, minmay_temple_entry_glassed_door, serial_shops,
          nicolae_shop_temple_entry_statues_fountains
D:6:      layout_layer_cave, grunt_ministairs_7, minivault_22,
          kennysheep_windowed_goal
D:7:      minmay_chambers_of_fours, layout_cave_pools,
          ebering_dispersal_statue_hall, minmay_chambers_of_fives
D:8:      layout_rooms, cheibrodos_worm_habitat, nicolae_grassy_gnolls,
          uniq_pikel
Temple:   mainiacjoe_temple_archimedes_tessellation

Skill      XL: |  1  2  3  4  5  6  7  8  9 10 |
---------------+-------------------------------+-----
Transmutations | 1 2 3 4 |  4.0
Earth Magic    | 4 5 6 7 9 |  9.7
Fighting       | 1 2 3 4 5 |  5.5
Spellcasting   | 3 4 5 6 7 |  7.1
Stealth        | 3 4 5 6 |  6.5
Conjurations   | 1 2 3 4 5 |  5.2
Dodging        | |  1.5

Action                   |  1- 3 |  4- 6 |  7- 9 | 10-12 || total
-------------------------+-------+-------+-------+-------++-------
Melee: Unarmed           |    13 |    14 |    22 |     2 ||    51
 Cast: Sandblast         |    39 |    63 |     6 |     1 ||   109
       Stone Arrow       |       |    12 |   122 |    18 ||   152
Armor: Robe              |     7 |    18 |    66 |    14 ||   105
Dodge: Dodged            |    16 |    31 |    96 |    17 ||   160
